 Dungeon Crawl Stone Soup version 0.19.0-1-g5985abe (webtiles) character file.

340 spiff the Slasher (level 6, -7/43 HPs)
             Began as a High Elf Skald on Nov 2, 2016.
             Was an Initiate of Dithmenos.
             Killed by divine providence
             ... invoked by an orc priest
              (14 damage)
             ... on level 4 of the Dungeon.
             The game lasted 00:11:04 (5337 turns).

spiff the Slasher (High Elf Skald)                  Turns: 5337, Time: 00:11:05

Health: -7/43      AC:  4    Str: 11    XL:     6   Next: 30%
Magic:  2/10       EV: 12    Int: 23    God:    Dithmenos [......]
Gold:   210        SH:  0    Dex: 16    Spells: 3 memorised, 3 levels left

rFire  . . .     SeeInvis .     a - +0 falchion
rCold  + . .     Gourm    .     u - +2 robe {rC+}
rNeg   . . .     Faith    .     (no shield)
rPois  .         Spirit   .     (no helmet)
rElec  .         Reflect  .     (no cloak)
rCorr  .         Harm     .     (no gloves)
MR     .....                    (no boots)
Stlth  +.........               (no amulet)
                                (no ring)
                                j - +6 ring of intelligence

@: infused
A: no striking features
a: Renounce Religion


You were on level 4 of the Dungeon.
You worshipped Dithmenos.
Dithmenos was noncommittal.
You were not hungry.

You visited 1 branch of the dungeon, and saw 4 of its levels.

You collected 210 gold pieces.

Inventory:

Hand Weapons
 a - a +0 falchion (weapon)
Missiles
 r - 71 arrows
Armour
 t - the +6 chain mail "Yntour" {rN+ Str+4}
   (You found it on level 4 of the Dungeon)

   It affects your strength (+4).
   It protects you from negative energy.
 u - a +2 robe of cold resistance (worn)
Jewellery
 j - a +6 ring of intelligence (left hand)
Wands
 o - a wand of random effects (27/48)
Scrolls
 e - a scroll of recharging {unknown}
 f - a scroll of enchant weapon {unknown}
 h - a scroll of fear
 m - a scroll of teleportation
 n - a scroll of identify
 q - a scroll of remove curse {unknown}
 v - a scroll of noise {unknown}
Potions
 b - 2 potions of heal wounds
 g - a potion of degeneration
 i - 3 potions of flight {unknown}
 k - 3 potions of curing
 p - a potion of agility
Books
 c - a book of Battle

   Spells                             Type                      Level
   a - Infusion                       Charms                       1
   b - Shroud of Golubria             Charms/Translocation         2
   c - Song of Slaying                Charms                       2
   d - Spectral Weapon                Hexes/Charms                 3
   e - Regeneration                   Charms/Necromancy            3
Comestibles
 d - 5 bread rations
 l - a beef jerky
 s - 2 meat rations


   Skills:
 + Level 4.2 Fighting
 * Level 6.7 Long Blades
 - Level 0.8 Armour
 - Level 1.1 Dodging
 - Level 2.4 Spellcasting
 - Level 3.6 Charms


You had 3 spell levels left.
You knew the following spells:

 Your Spells              Type           Power        Failure   Level  Hunger
a - Infusion              Chrm           ###.         2%          1    None
e - Shroud of Golubria    Chrm/Tloc      ##........   12%         2    ##.....
r - Regeneration          Chrm/Necr      ##........   21%         3    ###....


Dungeon Overview and Level Annotations

Branches:
Dungeon (4/15)
 Temple: D:4-7

Altars:
Dithmenos

Annotations:
D:3 Dustman's ghost, weakling HuGl
D:4 Dowan; Duvessa


Message History

You closely miss the orc priest. The orc priest misses you.
You barely miss the orc priest.
Your skin is crawling a little less now.
The orc priest hits you with a mace.
Your shroud falls apart!
You barely miss the orc priest. You hit the orc priest.
The orc priest is moderately wounded.
The orc priest hits you with a mace! The ogre hits you with a giant club!!
Ouch! That really hurt!
* * * LOW HITPOINT WARNING * * *
Okay, then.
You barely miss the orc priest.
The orc priest is moderately wounded.
The orc priest barely misses you. The ogre barely misses you.
Your skin stops crawling.
The orc priest mumbles some strange prayers to Beogh against you.
Beogh smites you!
You die...

#####.##.##### #.#
#............#####.#####
#............#.........#.e.
.........###.#....o)......#
#..##....##.....##o###.####
#..####..#...........# #
#..#............O....#
#.>#.##..#.....#.....#
#..#.##........#@....#
#..#.##.####.###.....#
#..#.##.####.#....#.##
#..#..............#.#
.............#...##.#
.#.####......##.###.#
.#...........##.# #.#
############.##.# #.# #
#.##.# #.#


You could see an ogre, an orc priest and an orc.

Vanquished Creatures
  A scorpion (D:4)
  An orc priest (D:3)
  2 orc wizards (D:4)
  Terence (D:2)
  A worker ant (D:4)
  3 adders (D:2)
  An ooze (D:1)
  6 worms
  A dart slug (D:3)
  2 leopard geckos
  10 orcs
  A ball python (D:3)
  5 giant cockroaches
  5 hobgoblins
  7 jackals
  9 kobolds
  A quokka (D:3)
  11 bats
  4 frilled lizards
  14 goblins
  7 rats
93 creatures vanquished.

Notes
Turn   | Place    | Note
-------+----------+-------------------------------------------
     0 | D:1      | spiff the High Elf Skald began the quest for the Orb.
     0 | D:1      | Reached XP level 1. HP: 14/14 MP: 4/4
   409 | D:1      | Reached skill level 3 in Long Blades
   440 | D:1      | Reached XP level 2. HP: 19/19 MP: 6/6
  1338 | D:1      | Reached XP level 3. HP: 25/25 MP: 7/7
  1537 | D:2      | Reached skill level 4 in Long Blades
  1786 | D:1      | Learned a level 2 spell: Shroud of Golubria
  1790 | D:1      | Learned a level 3 spell: Regeneration
  2458 | D:1      | Reached XP level 4. HP: 27/30 MP: 4/8
  2636 | D:2      | Reached skill level 5 in Long Blades
  3442 | D:3      | Noticed Terence
  3529 | D:2      | Killed Terence
  3529 | D:2      | Reached XP level 5. HP: 20/36 MP: 2/9
  3848 | D:3      | Found a shadowy altar of Dithmenos.
  3848 | D:3      | Noticed Dustman's ghost (weakling HuGl)
  4133 | D:3      | Became a worshipper of Dithmenos the Shadowed
  4663 | D:4      | Noticed Duvessa
  4663 | D:4      | Noticed Dowan
  4791 | D:4      | Got a distressingly furry chain mail
  4802 | D:4      | Identified the +6 chain mail "Yntour" {rN+ Str+4} (You found it on level 4 of the Dungeon)
  4866 | D:4      | Reached skill level 6 in Long Blades
  5082 | D:4      | Reached XP level 6. HP: 43/43 MP: 7/10
  5337 | D:4      | Killed from afar by an orc priest

Skill      XL: |  1  2  3  4  5 |
---------------+----------------+-----
Long Blades    | 3 4 5 6 |  6.7
Fighting       | 3 4 |  4.2
Armour         | |  0.8
Dodging        | |  1.1
Spellcasting   | |  2.4
Charms         | |  3.6

Action                   |  1- 3 |  4- 6 || total
-------------------------+-------+-------++-------
Melee: Falchion          |   139 |   188 ||   327
 Cast: Shroud of Golubri |     4 |    16 ||    20
       Infusion          |     3 |    12 ||    15
       Regeneration      |     1 |     1 ||     2
  Use: Scroll            |       |     8 ||     8
  Eat: Chunk             |     4 |    12 ||    16
Armor: Leather armour    |    36 |       ||    36
       Robe              |    12 |    28 ||    40
       Chain mail        |       |    30 ||    30
Dodge: Dodged            |    99 |   106 ||   205
       Rpst.: Falchion   |    35 |    36 ||    71
